 Dungeon Crawl Stone Soup version 0.28-a0-653-g7e9dba17c3 (webtiles) character file.

Game seed: 3505810580783269699

15 ytrimaz the Chopper (level 2, 0/27 HPs)
             Began as a Hill Orc Monk on Oct 12, 2021.
             Slain by Sigmund (2 damage)
             ... on level 2 of the Dungeon.
             The game lasted 00:00:41 (452 turns).

ytrimaz the Chopper (Hill Orc Monk)                  Turns: 452, Time: 00:00:41

Health: 0/27       AC:  2    Str: 13    XL:     2   Next: 50%
Magic:  2/2        EV: 12    Int: 10    God:
Gold:   27         SH:  0    Dex: 13    Spells: 1/1 levels left

rFire   . . .      SeeInvis .   a - +0 hand axe
rCold   . . .      Faith    .   (no shield)
rNeg    + . .      Spirit   .   b - +0 robe
rPois   .          Reflect  .   (no helmet)
rElec   .          Harm     .   (no cloak)
rCorr   .          Rampage  .   (no gloves)
Will    .....                   (no boots)
Stlth   +.........              (no amulet)
HPRegen 0.09/turn               d - ring of positive energy
MPRegen 0.08/turn               (no ring)

@: confused
A: no striking features
a: no special abilities


You were on level 2 of the Dungeon.
You visited 1 branch of the dungeon, and saw 2 of its levels.

You collected 27 gold pieces.

Inventory:

Hand Weapons
 a - a +0 hand axe (weapon)
Armour
 b - a +0 robe (worn)
Jewellery
 d - a ring of positive energy (left hand)


   Skills:
 + Level 3.9 Fighting
 + Level 4.4 Axes
 * Level 0.8 Armour
 + Level 2.5 Dodging
 - Level 1.5 Stealth


You had one spell level left.
You didn't know any spells.
Your spell library was empty.

Dungeon Overview and Level Annotations

Branches:
Dungeon (1/15)

Altars:

Annotations:
D:2 Sigmund


Message History

The ball python misses you. The ball python barely misses you.
You hit the ball python.
You kill the ball python!
Key pressed, stopping explore.
Key pressed, stopping explore.
You fall into a shaft and drop 1 floor!
The shaft crumbles and collapses.
Sigmund the Dreaded comes into view.
He is wielding a +0 vampiric scythe.
Unknown command.
As you read the scroll labelled ROLAEH JIOJAHI, it crumbles to dust.
It is a scroll of identify.
You don't have any unidentified items.
Sigmund shouts!
Sigmund casts a spell at you.
You are confused.
You bump into the rock wall.
Sigmund hits you with a +0 vampiric scythe.
You bump into the rock wall.
You hit Sigmund.
Sigmund is lightly wounded.
Sigmund barely misses you.
You bump into the rock wall.
Sigmund points at you and mumbles some strange words.
The magic dart hits you.
You hit Sigmund.
Sigmund is lightly wounded.
You feel less confused.
Sigmund gestures wildly while chanting.
Sigmund flickers and vanishes!
Deactivating autopickup; reactivate with Ctrl-A.
You barely miss something. Something barely misses you.
You miss something. You barely miss something. Something hits you.
You hit something.
You hear some strange, mumbled words.
You are confused.
You're too confused to move!
Something hits you!
* * * LOW HITPOINT WARNING * * *
You miss something. Something hits you.
You die... ############# #...{@....... #.###########

There were no monsters in sight!

Vanquished Creatures
  A goblin (D:1)
  2 hobgoblins (D:1)
  4 jackals (D:1)
  2 ball pythons (D:1)
  2 kobolds (D:1)
  2 rats (D:1)
13 creatures vanquished.

Notes
Turn   | Place    | Note
-------+----------+-------------------------------------------
     0 | D:1      | ytrimaz the Hill Orc Monk began the quest for the Orb.
     0 | D:1      | Reached XP level 1. HP: 19/19 MP: 1/1
   212 | D:1      | Reached XP level 2. HP: 27/27 MP: 2/2
   440 | D:1      | You fall into a shaft and drop 1 floor!
   440 | D:2      | Noticed Sigmund
   452 | D:2      | Slain by Sigmund

Illustrated notes

Levels and vault maps discovered:
D:1:      minmay_arrival_arboretum_small, layout_loops_ring
D:2:      layout_basic, uniq_sigmund

Action                   || total
-------------------------++-------
Melee: Hand axe          ||    36
  Use: Scroll            ||     1
Armor: Robe              ||     6
Dodge: Dodged            ||    21

Table legend: (Time is in decaauts)
 A = Elapsed time spent in this place.
 B = Non-inter-level travel time spent in this place.
 C = Inter-level travel time spent in this place.
 D = Time resting spent in this place.
 E = Time spent auto-exploring this place.
 F = Levels seen in this place.
 G = Mean time per level.
                   A        B        C        D        E       F      G
               +--------+--------+--------+--------+--------+-----+--------+
         Total |    454 |    454 |      0 |     82 |    267 |   2 |  227.0 |
       Dungeon |    454 |    454 |      0 |     82 |    267 |   2 |  227.0 |
               +--------+--------+--------+--------+--------+-----+--------+

Top non-repeatable levels by time:
     D:1: 442 daAuts
     D:2: 12 daAuts
